 Dungeon Crawl Stone Soup version 0.28-a0-1506-g3893175d92 (webtiles) character file.

Game seed: 18140947577974937463

128 dolemite99 the Poker (level 4, -1/52 HPs)
             Began as a Demonspawn Monk on Jan 13, 2022.
             Was a Priest of Dithmenos.
             Slain by an orc (9 damage)
             ... on level 2 of the Dungeon.
             The game lasted 00:02:36 (2911 turns).

dolemite99 the Poker (Demonspawn Monk)              Turns: 2911, Time: 00:02:37

Health: -1/52      AC:  5    Str: 14    XL:     4   Next: 86%
Magic:  4/4        EV: 11    Int: 11    God:    Dithmenos [***...]
Gold:   92         SH:  0    Dex: 17    Spells: 3/3 levels left

rFire   . . .      SeeInvis .   a - +0 spear
rCold   . . .      Faith    .   (no shield)
rNeg    . . .      Spirit   .   h - +0 ring mail
rPois   .          Reflect  .   (no helmet)
rElec   .          Harm     .   (no cloak)
rCorr   .          Rampage  .   (no gloves)
Will    .....                   (no boots)
Stlth   ..........              (no amulet)
HPRegen 0.17/turn               (no ring)
MPRegen 0.09/turn               (no ring)

@: berserking, wreathed by umbra, very quick
A: claws 1, thin skeletal structure 1
a: Renounce Religion, Shadow Step


You were on level 2 of the Dungeon.
You worshipped Dithmenos.
Dithmenos was most pleased with you.
You visited 1 branch of the dungeon, and saw 3 of its levels.

You collected 92 gold pieces.

Inventory:

Hand Weapons
 a - a +0 spear (weapon)
 b - a +0 hunting sling
 p - a +0 halberd
Missiles
 c - 104 stones (quivered)
 e - 20 arrows
Armour
 h - a +0 ring mail (worn)
 j - a +0 robe
Jewellery
 m - a ring of fire
Scrolls
 d - a scroll of immolation
 g - a scroll of fog {unknown}
 k - a scroll of vulnerability {unknown}
 l - a scroll of enchant weapon {unknown}
 q - a scroll of amnesia
 r - a scroll of silence {unknown}
Potions
 f - a potion of brilliance {unknown}
 n - a potion of attraction {unknown}
 o - 2 potions of curing {unknown}


   Skills:
 - Level 3.0 Fighting
 + Level 4.3 Polearms
 + Level 2.4 Slings
 - Level 2.6 Dodging
 - Level 1.7 Stealth


You had 3 spell levels left.
You didn't know any spells.
Your spell library contained the following spells:

 Spells                   Type           Power      Damage    Failure   Level
 Gell's Gravitas          Tloc           0%         N/A       91%         3
 Teleport Other           Tloc           0%         N/A       91%         3
 Dispersal                Tloc           0%         N/A       100%        6


Dungeon Overview and Level Annotations

Branches:
Dungeon (3/15)

Altars:
Dithmenos

Annotations:
D:1 exclusion: downstairs


Innate Abilities, Weirdness & Mutations

You have sharp fingernails.
You have a somewhat thin skeletal structure. (Dex +2, Stealth+)


Message History

The orc throws a boomerang.
The boomerang closely misses you. The orc misses you.
You shoot a stone. The stone completely misses the orc. x2
The orc hits you with a +0 mace. The orc hits you with a +0 mace.
You climb upwards.
There is a stone staircase leading down here.
The orc completely misses you.
You climb downwards.
The bat hits you but does no damage.
An endoplasm comes into view.
The orc hits you with a +2 falchion of protection!
There is a stone staircase leading up here.
The bat completely misses you. The bat closely misses you.
You climb upwards.
There is a stone staircase leading down here.
a - a +0 spear (weapon)
The orc hits you with a +2 falchion of protection.
Press: ? - help, v - describe, . - travel
Here: an orc, wielding a +2 falchion of protection and wearing a +0 ring mail (heavily wounded, umbra)
The floor.
Unknown command.
You hit the orc but do no damage.
The orc is heavily wounded.
The orc hits you with a +0 mace.
* * * LOW HITPOINT WARNING * * *
The orc hits you with a +2 falchion of protection.
* * * LOW HITPOINT WARNING * * *
A red film seems to cover your vision as you go berserk!
You feel yourself moving faster!
You feel mighty! The orc hits you with a +0 mace.
* * * LOW HITPOINT WARNING * * *
The orc hits you with a +2 falchion of protection.
* * * LOW HITPOINT WARNING * * *
You closely miss the orc.
The orc is heavily wounded.
The orc hits you but does no damage.
You closely miss the orc.
The orc is heavily wounded.
The orc hits you with a +2 falchion of protection!
You die...

##### ####### #...#
#.....##############.#.#
...............o@o...#.#
#.##..################.#
#.##..### #.# #.##....# #.#
####### #....##.#### #.#
#.....# ####.##....#
####.###.###.# #.#####)#
##........###.#
#.....#.#######..#.........>#
#.###.#.........##..#########


You could see 2 orcs.

Vanquished Creatures
  6 gnolls
  4 adders
  A dart slug (D:2)
  2 bats
  5 endoplasms
  A giant cockroach (D:2)
  3 goblins
  3 hobgoblins
  A kobold (D:2)
  A quokka (D:1)
  5 ball pythons
  2 frilled lizards (D:2)
  2 rats (D:1)
36 creatures vanquished.

Notes
Turn   | Place    | Note
-------+----------+-------------------------------------------
     0 | D:1      | dolemite99 the Demonspawn Monk began the quest for the Orb.
     0 | D:1      | Reached XP level 1. HP: 18/18 MP: 1/1
   123 | D:1      | Reached skill level 3 in Polearms
   213 | D:1      | Gained mutation: You have a somewhat thin skeletal
                  | structure. (Dex +2, Stealth+) [demonic ancestry]
   213 | D:1      | Reached XP level 2. HP: 24/24 MP: 2/2
   683 | D:2      | Reached skill level 1 in Slings
   683 | D:2      | Reached XP level 3. HP: 21/29 MP: 3/3
  1254 | D:2      | Found a faded altar of an unknown god.
  1265 | D:2      | Prayed at the altar of an unknown god.
  1265 | D:2      | Became a worshipper of Dithmenos the Shadowed
  1265 | D:2      | Reached * piety under Dithmenos
  1265 | D:2      | Reached ** piety under Dithmenos
  1858 | D:2      | Reached skill level 4 in Polearms
  1858 | D:2      | Gained mutation: You have sharp fingernails. [demonic
                  | ancestry]
  1858 | D:2      | Reached XP level 4. HP: 34/35 MP: 4/4
  2171 | D:2      | Reached *** piety under Dithmenos
  2911 | D:2      | Slain by an orc

Illustrated notes

Levels and vault maps discovered:
D:1:      dpeg_arrival_pond, layout_basic, minmay_split_cup_small
D:2:      layout_basic, hellmonk_ecumenical_altar_slurped_away, st_stairs_4,
          minmay_tetromino_t2
D:3:      layout_basic, grunt_temple_overflow_cloverleaf,
          nicolae_figureground_sparkle

Skill      XL: |  1  2  3  4 |
---------------+-------------+-----
Polearms       | 3 4 |  4.3
Slings         | 1 2 |  2.4
Fighting       | |  3.0
Dodging        | |  2.6
Stealth        | |  1.7

Action                   |  1- 3 |  4- 6 || total
-------------------------+-------+-------++-------
Melee: Spear             |    22 |    12 ||    34
       Punch             |     1 |       ||     1
 Fire: Hunting sling     |    62 |    52 ||   114
Throw: Stone             |    22 |       ||    22
  Use: Scroll            |     3 |     1 ||     4
       Potion            |       |     1 ||     1
Armor: Ring mail         |    11 |     9 ||    20
Dodge: Dodged            |    27 |    35 ||    62

Table legend: (Time is in decaauts)
 A = Elapsed time spent in this place.
 B = Non-inter-level travel time spent in this place.
 C = Inter-level travel time spent in this place.
 D = Time resting spent in this place.
 E = Time spent auto-exploring this place.
 F = Levels seen in this place.
 G = Mean time per level.
                   A        B        C        D        E       F      G
               +--------+--------+--------+--------+--------+-----+--------+
         Total |   2922 |   2818 |    104 |   1304 |   1037 |   3 |  974.0 |
       Dungeon |   2922 |   2818 |    104 |   1304 |   1037 |   3 |  974.0 |
               +--------+--------+--------+--------+--------+-----+--------+

Top non-repeatable levels by time:
     D:2: 1823 daAuts
     D:1: 897 daAuts
     D:3: 201 daAuts
